AoeStats
← Gonvalon10

Black Forest

503196090Analyzed
3v3 RM · 1mo ago on Aug 30, 2026· 41m 18s· 6 players
Game mode
Random Map
Map size
Normal (6 player)
Population
200
Speed
Normal
Resources
Standard
Victory
Conquest
Starting age
Dark Age
Ending age
Imperial Age
RankedLock teamsTeams togetherTeam positionsShared explorationLock speedFull tech treeHidden civsTurbo modeCheats
Victory
Defeat
🇩🇪 Persians · Germany
849
+17
🇺🇸 Spanish · United States
832
+28
🇮🇹 Britons · Italy
782
+20
🇲🇽 Teutons · Mexico
961
-56
🇲🇽 Burgundians · Mexico
819
-16
🇺🇸 Chinese · United States
801
-15
Gonvalon10
10:14 Loom
12:39 Feudal Age
17:35 Castle Age
16:31 Horse Collar
17:03 Double-Bit Axe
18:04 Heavy Plow
18:04 Town Watch
18:34 Bow Saw
25:12 Gold Mining
27:44 Stone Mining
31:30 Imperial Age
30:29 Wheelbarrow
30:56 Fletching
31:07 Padded Archer Armor
31:41 Thumb Ring
30:58 Crossbowman
32:53 Chemistry
32:04 Kamandaran
33:29 Gold Shaft Mining
33:18 Conscription
33:29 Squires
33:50 Arson
34:05 Bodkin Arrow
35:15 Ballistics
36:17 Citadels
35:30 Pikeman
36:34 Leather Archer Armor
36:22 Scale Mail Armor
36:33 Forging
37:55 Stone Shaft Mining
37:52 Crop Rotation
37:56 Ring Archer Armor
38:31 Two-Man Saw
38:13 Hoardings
38:07 Halberdier
Yannis
0:30 Loom
16:48 Feudal Age
17:51 Double-Bit Axe
25:10 Horse Collar
27:46 Castle Age
28:20 Stone Mining
29:01 Bow Saw
28:58 Heavy Plow
29:40 Gold Mining
29:36 Elite Skirmisher
34:02 Wheelbarrow
34:50 Fortified Wall
34:40 Murder Holes
35:46 Pikeman
37:24 Ballistics
39:43 Imperial Age
37:02 Town Watch
38:00 Padded Archer Armor
37:50 Fletching
39:19 Leather Archer Armor
41:14 Gold Shaft Mining
41:01 Hand Cart
41:51 Chemistry
41:04 Masonry
Tormund
13:28 Feudal Age
15:32 Loom
18:49 Castle Age
20:15 Fletching
20:17 Horse Collar
20:25 Double-Bit Axe
25:53 Loom
29:59 Bodkin Arrow
30:06 Padded Archer Armor
31:04 Caravan
32:15 Thumb Ring
32:55 Heavy Plow
34:04 Ballistics
33:41 Murder Holes
33:58 Fortified Wall
34:29 Leather Archer Armor
34:46 Bow Saw
36:46 Wheelbarrow
36:47 Masonry
39:55 Imperial Age
38:31 Elite Skirmisher
40:43 Hand Cart
42:13 Chemistry
41:46 Architecture
darthfunk85
18:18 Feudal Age
19:52 Horse Collar
19:59 Double-Bit Axe
27:40 Wheelbarrow
29:20 Castle Age
29:26 Castle Age
28:19 Gold Mining
29:14 Wheelbarrow
29:45 Stone Mining
30:31 Heavy Plow
31:08 Bow Saw
30:27 Crossbowman
31:17 Squires
32:50 Fletching
34:19 Guard Tower
35:09 Hand Cart
35:42 Fortified Wall
38:00 Thumb Ring
38:11 Pikeman
39:08 Great Wall
39:48 Caravan
P Diddy
0:31 Loom
12:49 Feudal Age
11:17 Double-Bit Axe
15:30 Bow Saw
19:17 Castle Age
18:57 Horse Collar
23:03 Wheelbarrow
23:47 Heavy Plow
23:46 Light Cavalry
24:37 Scale Barding Armor
26:27 Caravan
26:02 Pikeman
27:54 Fervor
27:47 Gold Mining
27:48 Stone Mining
28:20 Scale Mail Armor
28:50 Fishing Lines
33:36 Imperial Age
32:32 Burgundian Vineyards
32:53 Hand Cart
32:24 Town Watch
33:27 Chain Mail Armor
33:26 Forging
33:37 Squires
34:05 Husbandry
35:05 Plate Mail Armor
35:12 Iron Casting
36:08 Sanctity
35:26 Halberdier
37:41 Chain Barding Armor
joseeeli1267
2:40 Loom
10:42 Feudal Age
13:30 Wheelbarrow
12:48 Double-Bit Axe
12:45 Horse Collar
13:54 Gold Mining
18:12 Town Watch
23:44 Castle Age
22:31 Stone Mining
24:54 Hand Cart
26:59 Fletching
32:55 Imperial Age
31:35 Forging
31:29 Padded Archer Armor
31:42 Bow Saw
31:35 Heavy Plow
33:23 Leather Archer Armor
33:30 Masonry
35:35 Iron Casting
35:05 Scale Barding Armor
34:58 Bodkin Arrow
37:09 Chemistry
36:29 Town Patrol
36:35 Town Patrol
36:12 Pikeman
36:39 Gambesons
36:55 Squires
36:40 Arson
37:26 Halberdier
Connection lost

Rejoining the realm…

Still unreachable

The connection could not be restored.

Session expired

The server has moved on; the page needs a fresh start.